 Dungeon Crawl Stone Soup version 0.29.1-12-g30fa7ad0bf (webtiles) character file.

Game seed: 12547237849570640899

23897 Coaxmetal the Geomancer (level 13, -6/80 HPs)
             Began as a Gargoyle Earth Elementalist on Dec 19, 2022.
             Was a Believer of Vehumet.
             Mangled by a yak (10 damage)
             ... on level 3 of the Lair of Beasts.
             The game lasted 00:43:55 (20438 turns).

Coaxmetal the Geomancer (GrEE)                     Turns: 20438, Time: 00:43:55

Health: -6/80      AC: 18    Str: 13    XL:     13   Next: 9%
Magic:  5/28       EV: 11    Int: 20    God:    Vehumet [**....]
Gold:   707        SH:  5    Dex: 10    Spells: 16/34 levels left

rFire   + . .      SeeInvis .   I - +4 scimitar (flame)
rCold   + . .      Faith    .   (no shield)
rNeg    + + +      Spirit   .   J - +2 robe {rC+ rF+}
rPois   ∞          Reflect  +   g - +0 helmet
rElec   +          Harm     .   (no cloak)
rCorr   .          Rampage  .   b - +2 pair of gloves
Will    ++...                   j - +0 pair of boots
Stlth   ++........              w - amulet of reflection
HPRegen 0.23/turn               O - ring of positive energy
MPRegen 0.21/turn               a - ring of Enlo {rN+ Will++}

@: very slightly contaminated
A: sickness immunity, AC +9, negative energy resistance 1, electricity
resistance, torment resistance 1, petrification resistance
a: Renounce Religion


You were on level 3 of the Lair of Beasts.
You worshipped Vehumet.
Vehumet was pleased with you.
You visited 3 branches of the dungeon, and saw 17 of its levels.
You also visited: Gauntlet.

You collected 874 gold pieces.
You spent 167 gold pieces at shops.

Inventory:

Hand Weapons
 f - a +0 whip of venom
 I - a +4 scimitar of flaming (weapon)
Armour
 b - a +2 pair of gloves (worn)
 g - a +0 helmet (worn)
 j - a +0 pair of boots (worn)
 p - an orb of guile
 J - a +2 robe of resistance (worn)
Jewellery
 a - the ring of Enlo (right hand) {rN+ Will++}
   (You bought it in a shop on level 12 of the Dungeon)

   [ring of positive energy]

   rN:        It protects you from negative energy.
   Will:      It greatly increases your willpower.
 d - an amulet of guardian spirit
 w - an amulet of reflection (around neck)
 x - an amulet of faith
 G - a ring of fire
 N - a ring of ice
 O - a ring of positive energy (left hand)
Wands
 i - a wand of roots (20)
 s - a wand of paralysis (2)
 y - a wand of digging (10)
 D - a wand of acid (7)
 K - a wand of polymorph (1)
 L - a wand of mindburst (4)
 M - a wand of flame (12)
Scrolls
 c - 2 scrolls of fear
 k - a scroll of poison {unknown}
 m - 5 scrolls of enchant armour
 o - 3 scrolls of immolation
 t - 2 scrolls of blinking {unknown}
 v - 7 scrolls of identify
 z - 6 scrolls of teleportation
 A - 3 scrolls of amnesia {unknown}
 C - 2 scrolls of vulnerability {unknown}
 F - 2 scrolls of enchant weapon {unknown}
 P - a scroll of silence {unknown}
Potions
 e - 3 potions of brilliance
 h - 10 potions of curing
 l - a potion of berserk rage
 n - a potion of ambrosia {unknown}
 q - 5 potions of flight {unknown}
 r - a potion of heal wounds
 u - a potion of haste
 B - 2 potions of mutation {unknown}
 E - a potion of might {unknown}
 H - a potion of cancellation {unknown}


   Skills:
 + Level 9.3 Fighting
 - Level 4.0 Long Blades
 - Level 1.5 Dodging
 - Level 4.0 Stealth
 - Level 11.2 Spellcasting
 - Level 5.0 Conjurations
 - Level 8.0 Transmutations
 - Level 4.0 Air Magic
 - Level 12.0 Earth Magic
 - Level 2.0 Poison Magic


You had 16 spell levels left.
You knew the following spells:

 Your Spells              Type           Power      Damage    Failure   Level
a - Sandblast             Erth           100%       2d20      1%          1
b - Stone Arrow           Conj/Erth      90%        3d12      1%          3
c - Petrify               Tmut/Erth      50%        N/A       1%          4
d - Swiftness             Air            27%        N/A       3%          3
e - Mephitic Cloud        Conj/Pois/Air  25%        N/A       4%          3
f - Ignite Poison         Fire/Tmut/Pois 24%        N/A       4%          3
g - Necrotise             Necr           44%        1d6       6%          1

Your spell library contained the following spells:

 Spells                   Type           Power      Damage    Failure   Level
 Inner Flame              Hex/Fire       11%        N/A       19%         3
 Shock                    Conj/Air       100%       1d9       1%          1
 Passwall                 Tmut/Erth      41%        N/A       1%          2
 Dazzling Flash           Conj/Hex       42%        N/A       7%          3
 Airstrike                Air            13%        2d(2-18)  12%         4
 Vampiric Draining        Necr           11%        2d6       19%         3
 Summon Lightning Spire   Summ/Air       19%        N/A       26%         4
 Freezing Cloud           Conj/Ice/Air   11%        6-21      45%         5
 Silence                  Hex/Air        9%         N/A       58%         5
 Agony                    Necr           11%        N/A       86%         5
 Storm Form               Tmut/Air       17%        N/A       99%         7
 Maxwell's Capacitive Co  Air            13%        ∞         100%        8


Dungeon Overview and Level Annotations

Branches:
Dungeon (13/15)            Temple (1/1) D:5            Lair (3/5) D:9
    Orc (0/2) D:10        Gauntlet (visited)
  Swamp: Lair:2-3    Shoals: Lair:2-3     Snake: Lair:2-3    Spider: Lair:2-3
 Vaults: D:13-14

Altars:
Ashenzari
Cheibriados
Dithmenos
Elyvilon
Fedhas
Gozag
Hepliaklqana
Kikubaaqudgha
Makhleb
Nemelex Xobeh
Okawaru
Qazlal
Ru
Sif Muna
Trog
Uskayaw
Vehumet
Wu Jian
Xom
Yredelemnul
Zin
The Shining One

Shops:
D:5 (   D:12 *!=

Annotations:
D:3 2 transporters, Jingleheimer's ghost, amateur VSGl
D:5 3 runed translucent doors, Radix's ghost, amateur GnWn
D:9 3 runed translucent doors, exclusion: obsidian statue
D:10 2 transporters, funnyparkerb's ghost, novice FeSu


Innate Abilities, Weirdness & Mutations

You are immune to sickness and miasma.
Your stone body is resilient. (AC +9)
You are immune to poison.
You resist negative energy. (rN+)
You are resistant to electric shocks. (rElec)
You are resistant to unholy torment.
You are immune to petrification.


Message History

The death yak is moderately wounded.
The death yak is engulfed in blazing flames.
Casting: Stone Arrow (safe; 1% risk of failure)
Confirm with . or Enter, or press ? or * to list all spells.
Aiming: Stone Arrow (safe; 1% risk of failure)
Press: ? - help, Shift-Dir - straight line, f/p - death yak
Aim: a death yak (heavily wounded, confused, 100% to hit)
The stone arrow hits the death yak.
The death yak is heavily wounded.
The death yak seems less confused.
The death yak gores you.
Casting: Stone Arrow (safe; 1% risk of failure)
Confirm with . or Enter, or press ? or * to list all spells.
Aiming: Stone Arrow (safe; 1% risk of failure)
Press: ? - help, Shift-Dir - straight line, f/p - death yak
Aim: a death yak (heavily wounded, 92% to hit)
The stone arrow hits the death yak!
The death yak is severely wounded.
The death yak gores you!
* * * LOW HITPOINT WARNING * * *
Casting: Stone Arrow (safe; 1% risk of failure)
Confirm with . or Enter, or press ? or * to list all spells.
Aiming: Stone Arrow (safe; 1% risk of failure)
Press: ? - help, Shift-Dir - straight line, f/p - death yak
Aim: a death yak (severely wounded, 92% to hit)
The stone arrow hits the death yak!
The death yak is almost dead.
The death yak misses you.
Casting: Stone Arrow (safe; 1% risk of failure)
Confirm with . or Enter, or press ? or * to list all spells.
Aiming: Stone Arrow (safe; 1% risk of failure)
Press: ? - help, Shift-Dir - straight line, f/p - death yak
Aim: a death yak (severely wounded, 92% to hit)
The stone arrow hits the death yak!
The death yak is almost dead.
The death yak gores you!
* * * LOW HITPOINT WARNING * * *
The death yak attacks as you move away! The death yak gores you.
* * * LOW HITPOINT WARNING * * *
The yak attacks as you move away! The yak gores you!
You die...

.........##..................
.........#........#....##.....
.........#..........#####......
.... ##...........## ##...##
.....# ##........##...####...#
.....^####... ##.⌠..#.....#....##
.........#..####....###...##.....
........#...##....°.# #...#......
.........>.⌠###.@<..###⌠.<#......
............# #.YY...##...#......
.........#..####...####..#.......
.........#.....#Y⌠.###...#.......
.........#....#.....#...#........
.........###...........##........
..........###.........###........
..........# #........####........
..........####.#...#...##........


You could see 2 death yaks and a yak.

Vanquished Creatures
  Erica (D:11)
  2 two-headed ogres
  9 death yaks
  Nergalle (D:11)
  A lindwurm (Lair:3)
  A deep elf pyromancer (D:12)
  An ugly thing (D:12)
  A manticore (D:13)
  A cyclops (D:12)
  2 black mambas (Lair:1)
  3 cane toads
  2 gargoyles
  A torpor snail (Lair:1)
  A kobold demonologist (D:12)
  A rime drake (Lair:2)
  2 unseen horror zombies (D:8)
  An unseen horror (D:11)
  2 komodo dragons
  A hornet (D:9)
  A troll (D:12)
  4 blink frogs (Lair:2)
  2 dream sheep (Lair:1)
  2 vampires
  16 yaks
  2 wyverns
  A shadow (D:11)
  A basilisk (Lair:3)
  A steam dragon (Lair:3)
  Eustachio (D:6)
  An acid dragon (D:9)
  4 water moccasins
  A sky beast (D:7)
  3 ice beasts
  3 orc warriors
  4 centaurs
  2 ogres
  9 wolves
  A kobold brigand (D:9)
  11 bullfrogs
  11 necrophages
  A scorpion (D:6)
  8 wights
  8 killer bees
  2 howler monkeys
  3 hounds
  A jelly (D:7)
  3 orc priests
  A human zombie (D:8)
  7 orc wizards
  3 iguanas
  2 killer bee zombies (D:8)
  A mummy (D:8)
  A gnoll (D:1)
  4 adders
  A white imp (D:8)
  An ufetubus (D:3)
  A worm (D:4)
  6 dart slugs
  25 orcs
  4 endoplasms
  11 giant cockroaches
  6 goblins
  10 hobgoblins
  3 jackals
  2 quokkas (D:1)
  7 ball pythons
  3 bats
  17 kobolds
  2 rats (D:1)
259 creatures vanquished.

Vanquished Creatures (others)
  10 fungi
  44 plants
54 creatures vanquished.

Grand Total: 313 creatures vanquished

Notes
Turn   | Place    | Note
-------+----------+-------------------------------------------
     0 | D:1      | Coaxmetal the Gargoyle Earth Elementalist began the quest
                  | for the Orb.
     0 | D:1      | Reached XP level 1. HP: 10/10 MP: 3/3
   246 | D:1      | Reached skill level 4 in Earth Magic
   246 | D:1      | Reached XP level 2. HP: 15/15 MP: 1/5
   767 | D:1      | Reached XP level 3. HP: 19/19 MP: 4/6
  1435 | D:2      | Reached XP level 4. HP: 24/24 MP: 5/7
  1540 | D:2      | Found a faded altar of an unknown god.
  1809 | D:2      | Reached skill level 5 in Earth Magic
  2092 | D:3      | Found a white marble altar of Elyvilon.
  2198 | D:3      | Found a transporter.
  2208 | D:3      | Found a transporter.
  2208 | D:3      | Found a hide-covered altar of Uskayaw.
  2315 | D:3      | Found a blossoming altar of Fedhas.
  2410 | D:3      | Reached XP level 5. HP: 28/28 MP: 6/8
  2486 | D:3      | Reached skill level 6 in Earth Magic
  2686 | D:3      | Noticed Jingleheimer's ghost (amateur VSGl)
  3530 | D:4      | Reached skill level 7 in Earth Magic
  3530 | D:4      | Reached XP level 6. HP: 32/32 MP: 7/9
  3850 | D:5      | Entered Level 5 of the Dungeon
  3909 | D:5      | Found a staircase to the Ecumenical Temple.
  3918 | Temple   | Entered the Ecumenical Temple
  3929 | Temple   | Became a worshipper of Vehumet
  4004 | D:5      | Found a runed translucent gate.
  4005 | D:5      | Found a runed translucent gate.
  4006 | D:5      | Found a runed translucent gate.
  4008 | D:5      | Noticed Radix's ghost (amateur GnWn)
  4107 | D:5      | Found Cykajyig's Firing Range.
  4157 | D:5      | Reached skill level 8 in Earth Magic
  4161 | D:5      | Learned a level 3 spell: Stone Arrow
  4166 | D:5      | Learned a level 4 spell: Petrify
  4225 | D:5      | Noticed an ice beast
  4245 | D:5      | Killed an ice beast
  4246 | D:5      | Reached XP level 7. HP: 7/36 MP: 7/11
  4832 | D:6      | Noticed Eustachio
  4975 | D:6      | Killed Eustachio
  5211 | D:6      | Reached XP level 8. HP: 41/41 MP: 8/13
  5285 | D:6      | Learned a level 3 spell: Swiftness
  5713 | D:7      | Reached skill level 5 in Spellcasting
  6034 | D:7      | Reached * piety under Vehumet
  6034 | D:7      | Offered knowledge of Magic Dart by Vehumet.
  6118 | D:7      | Found a glowing silver altar of Zin.
  6207 | D:7      | Reached XP level 9. HP: 45/45 MP: 8/19
  6295 | D:7      | Reached skill level 1 in Fighting
  6929 | D:7      | Learned a level 3 spell: Mephitic Cloud
  7812 | D:8      | Reached skill level 5 in Conjurations
  7928 | D:8      | Reached skill level 5 in Fighting
  7928 | D:8      | Reached skill level 5 in Transmutations
  8023 | D:8      | Reached XP level 10. HP: 59/59 MP: 11/20
  8084 | D:8      | Found a basalt altar of Yredelemnul.
  8436 | D:9      | Found a stormy altar of Qazlal.
  8456 | D:9      | Reached skill level 1 in Poison Magic
  8459 | D:9      | Found a runed translucent door.
  8476 | D:9      | Offered knowledge of Foxfire by Vehumet.
  8482 | D:9      | Found a runed translucent door.
  8527 | D:9      | Found a runed translucent door.
  8541 | D:9      | Found a runed translucent door.
  8941 | D:9      | Found a staircase to the Lair.
  9272 | D:9      | Noticed an obsidian statue
  9311 | D:10     | Entered Level 10 of the Dungeon
  9340 | D:10     | Noticed funnyparkerb's ghost (novice FeSu)
  9340 | D:10     | Noticed a centaur warrior
  9587 | D:10     | Found an ancient bone altar of Kikubaaqudgha.
  9745 | D:10     | Found a staircase to the Orcish Mines.
  9959 | D:10     | Found a transporter.
 10045 | D:10     | Found a transporter.
 10285 | D:11     | Noticed Nergalle
 10352 | D:11     | Noticed Erica
 10575 | D:11     | Killed Erica
 10791 | D:11     | Noticed a gargoyle
 10803 | D:11     | Killed a gargoyle
 11294 | D:11     | Killed Nergalle
 11449 | D:11     | Noticed a two-headed ogre
 11489 | D:11     | Killed a two-headed ogre
 11490 | D:11     | Reached skill level 10 in Spellcasting
 11490 | D:11     | Reached XP level 11. HP: 36/63 MP: 1/25
 12025 | D:11     | Reached ** piety under Vehumet
 12295 | D:12     | Noticed a red ugly thing
 12319 | D:12     | Killed a red ugly thing
 12320 | D:12     | Reached skill level 9 in Earth Magic
 12505 | D:12     | Found Emetoy's Distillery.
 12507 | D:12     | Found a gate leading to a gauntlet.
 12510 | D:12     | Bought a potion of attraction for 39 gold pieces
 12510 | D:12     | Bought a potion of degeneration for 13 gold pieces
 12522 | Gauntlet | Entered a Gauntlet
 12522 | Gauntlet | Found a transporter.
 12534 | Gauntlet | Found a transporter.
 12542 | Gauntlet | Noticed a moth of wrath
 12548 | Gauntlet | Found a transporter.
 12550 | Gauntlet | Noticed a sun demon
 12553 | Gauntlet | Found a transporter.
 12562 | Gauntlet | Noticed a moth of wrath
 12568 | Gauntlet | Found a transporter.
 12587 | Gauntlet | Found a transporter.
 12598 | Gauntlet | Found the +3 pair of seven-league boots {Rampage+∞}
 12599 | Gauntlet | Found a transporter.
 12617 | Gauntlet | Found a transporter.
 12623 | Gauntlet | Found a transporter.
 12628 | Gauntlet | Found a large runed translucent door.
 12629 | Gauntlet | Found a large runed translucent door.
 12630 | Gauntlet | Found a large runed translucent door.
 12630 | Gauntlet | Found a large runed translucent door.
 12631 | Gauntlet | Found a runed translucent gate.
 12632 | Gauntlet | Found a transporter.
 12632 | Gauntlet | Found a runed translucent gate.
 12632 | Gauntlet | Noticed a catoblepas
 12633 | Gauntlet | Found a runed translucent gate.
 12634 | Gauntlet | Found a large runed translucent door.
 12634 | Gauntlet | Found a large runed translucent door.
 12635 | Gauntlet | Found a large runed translucent door.
 12636 | Gauntlet | Found a large runed translucent door.
 12642 | Gauntlet | Noticed a great orb of eyes
 12643 | Gauntlet | Noticed a red ugly thing
 12644 | Gauntlet | Found a transporter.
 12644 | Gauntlet | Noticed a white ugly thing
 12657 | Gauntlet | Found a large runed translucent door.
 12657 | Gauntlet | Found a large runed translucent door.
 12657 | Gauntlet | Found a runed translucent door.
 12657 | Gauntlet | Found a runed translucent door.
 12658 | Gauntlet | Found a large runed translucent door.
 12659 | Gauntlet | Found a large runed translucent door.
 12661 | Gauntlet | Found a transporter.
 12661 | Gauntlet | Found a transporter.
 12677 | Gauntlet | Found a large runed translucent door.
 12677 | Gauntlet | Found a large runed translucent door.
 12678 | Gauntlet | Found a large runed translucent door.
 12679 | Gauntlet | Found a large runed translucent door.
 12681 | Gauntlet | Found a transporter.
 12715 | Gauntlet | Found a transporter.
 12792 | Gauntlet | Found a transporter.
 12818 | Gauntlet | Found a transporter.
 12820 | Gauntlet | Found a transporter.
 13200 | D:12     | Found Qetrydai's Assorted Antiques.
 13206 | D:12     | Bought a twitching platinum ring for 115 gold pieces
 13206 | D:12     | Identified the ring of Enlo {rN+ Will++} (You bought it in
                  | a shop on level 12 of the Dungeon)
 13228 | D:12     | Noticed a two-headed ogre
 13229 | D:12     | Noticed a two-headed ogre
 13247 | D:12     | Killed a two-headed ogre
 13248 | D:12     | Reached skill level 10 in Earth Magic
 13274 | D:12     | Noticed a cyclops
 13287 | D:12     | Killed a cyclops
 13367 | D:12     | Noticed a deep elf pyromancer
 13377 | D:12     | Killed a deep elf pyromancer
 13378 | D:12     | Noticed a deep elf pyromancer
 13435 | D:12     | Noticed a fire dragon
 13449 | D:12     | Found Ikoq's Antique Weapon Shoppe.
 13463 | D:13     | Noticed a manticore
 13468 | D:13     | HP: 3/63 [manticore (16)]
 13477 | D:13     | Killed a manticore
 13478 | D:13     | Reached skill level 11 in Earth Magic
 13679 | D:13     | Noticed a centaur warrior
 13692 | D:12     | Found Xejenyd's Jewellery Shop.
 13896 | Lair:1   | Entered Level 1 of the Lair of Beasts
 14153 | Lair:1   | Reached skill level 12 in Earth Magic
 15191 | Lair:1   | Reached XP level 12. HP: 64/68 MP: 24/27
 15193 | Lair:1   | Reached skill level 1 in Long Blades
 15705 | Lair:2   | Noticed a death yak
 15720 | Lair:2   | Noticed a death yak
 15722 | Lair:2   | Noticed a death yak
 15723 | Lair:2   | Noticed a death yak
 15724 | Lair:2   | Killed a death yak
 15724 | Lair:2   | Noticed a death yak
 16232 | Lair:2   | Offered knowledge of Inner Flame by Vehumet.
 16827 | Lair:3   | Noticed a death yak
 16874 | Lair:2   | Learned a level 3 spell: Ignite Poison
 16941 | Lair:3   | Reached *** piety under Vehumet
 17069 | Lair:3   | Noticed a death yak
 17076 | Lair:3   | Noticed a death yak
 17085 | Lair:2   | Killed a death yak
 17166 | Lair:3   | Noticed a death yak
 17166 | Lair:3   | Noticed a death yak
 17169 | Lair:3   | Noticed a death yak
 17184 | Lair:2   | Killed a death yak
 17711 | Lair:2   | Killed a death yak
 18535 | Lair:3   | HP: 2/73 [lindwurm/blast of flame (14)]
 18859 | Lair:3   | Noticed a death yak
 18860 | Lair:3   | Noticed a death yak
 18862 | Lair:3   | Noticed a death yak
 18862 | Lair:3   | Noticed a death yak
 19372 | Lair:1   | Killed a death yak
 19444 | Lair:2   | Killed a death yak
 19447 | Lair:2   | Learned a level 1 spell: Necrotise
 19983 | Lair:2   | Killed a death yak
 19984 | Lair:2   | Reached XP level 13. HP: 26/79 MP: 4/28
 20438 | Lair:3   | HP: 4/80 [death yak (4)]
 20438 | Lair:3   | Mangled by a yak

Illustrated notes

Levels and vault maps discovered:
D:1:      saegor_arrival_miasma, layout_loops_ring, minivault_23
D:2:      layout_loops_corners, ebering_ecumenical_altar_ruins
D:3:      layout_basic, mainiacjoe_overflow_catch_the_wave, elyvilon_altar_3,
          gammafunk_ghost_stat_death
D:4:      layout_cave_pods
D:5:      layout_loops_cross, minmay_temple_entry_slanted,
          gammafunk_ghost_necromancy, nicolae_shop_firing_range
D:6:      layout_rooms, uniq_eustachio
D:7:      layout_loops_ring, zin_academy
D:8:      layout_basic, lemuel_mausoleum_altar_yredelemnul, eino_tiny_chamber,
          kennysheep_generic_room_16
D:9:      layout_roguey, mainiacjoe_overflow_tiny_flanked, lair_entry_dummy,
          minmay_statue_crystal_thing
D:10:     layout_stronghold, mainiacjoe_overflow_24_doors, orc_0_dummy,
          nzn_ghost_randoct, minmay_misc_feat_chi
D:11:     layout_irregular_city, uniq_erica, uniq_nergalle
D:12:     minmay_the_grid_square_5x5_4x4 [minmay_the_grid_square_5x5_meh,
          minmay_the_grid_square_5x5_minimal,
          minmay_the_grid_square_5x5_eight_small,
          minmay_the_grid_square_5x5_three, minmay_the_grid_square_5x5_shuriken,
          minmay_the_grid_square_5x5_prize_open,
          minmay_the_grid_square_5x5_prize_open,
          minmay_the_grid_square_5x5_lines, minmay_the_grid_square_5x5_corner,
          minmay_the_grid_square_5x5_prize_junk,
          minmay_the_grid_square_5x5_prize_pseudospiral,
          minmay_the_grid_square_5x5_n_small,
          minmay_the_grid_square_5x5_trominoes,
          minmay_the_grid_square_5x5_beaten_path,
          minmay_the_grid_square_5x5_pentomino_r,
          minmay_the_grid_square_5x5_shrine2], layout_loops_ring, serial_shops,
          shop_statue, kennysheep_little_box, nicolae_stop_n_shop_2, shop,
          nicolae_square_shop, gauntlet_entry_generic
D:13:     layout_loops_cross, erik_vaults_2, drop_trap
Temple:   minmay_freezing_vapour_temple
Lair:1:   layout_cave_pods
Lair:2:   layout_cave_pods, roderic_carrion_pond, grunt_megastairs_1
Lair:3:   layout_small_grid, skrybe_swamp_entry_bodies,
          minmay_snake_entry_guardpost_large, serial_bayou_pond_c,
          grunt_megastairs_5

Skill      XL: |  1  2  3  4  5  6  7  8  9 10 11 12 13 |
---------------+----------------------------------------+-----
Earth Magic    | 4 5 7 8 12 | 12.0
Stealth        | 3 4 |  4.0
Conjurations   | 2 3 5 |  5.0
Transmutations | 3 5 8 |  8.0
Spellcasting   | 3 7 10 11 | 11.2
Fighting       | 5 8 9 |  9.3
Air Magic      | 2 4 |  4.0
Poison Magic   | 2 |  2.0
Long Blades    | 4 |  4.0
Dodging        | |  1.5

Action                   |  1- 3 |  4- 6 |  7- 9 | 10-12 | 13-15 || total
-------------------------+-------+-------+-------+-------+-------++-------
Melee: Rapier            |       |       |     3 |    14 |       ||    17
       Whip              |       |       |     6 |    53 |       ||    59
       Punch             |       |       |     1 |     3 |       ||     4
       Unarmed           |       |       |       |     4 |       ||     4
       Scimitar          |       |       |       |    72 |     1 ||    73
 Cast: Sandblast         |    42 |    79 |   101 |   122 |       ||   344
       Stone Arrow       |       |       |    34 |   178 |    13 ||   225
       Petrify           |       |       |       |    44 |       ||    44
       Mephitic Cloud    |       |       |       |    34 |     3 ||    37
       Ignite Poison     |       |       |       |    13 |     2 ||    15
       Swiftness         |       |       |       |     5 |       ||     5
       Necrotise         |       |       |       |     1 |       ||     1
Evoke: Wand              |       |     3 |     5 |       |       ||     8
  Use: Scroll            |       |       |     6 |     1 |       ||     7
       Potion            |       |       |     4 |     4 |       ||     8
 Stab: Paralysed         |       |       |     6 |       |       ||     6
       Petrified         |       |       |       |    75 |       ||    75
       Petrifying        |       |       |       |     3 |       ||     3
       Confused          |       |       |       |     2 |       ||     2
Armor: Robe              |     2 |     9 |    36 |   112 |     1 ||   160
Dodge: Dodged            |       |    11 |    60 |   112 |     4 ||   187
Block: Other             |       |       |    14 |    41 |     1 ||    56
